 Dungeon Crawl Stone Soup version 0.26.0-10-g1f06aea511 (webtiles) character file.

Game seed: 2276138192516812641

35 Borgoz the Skirmisher (level 3, 0/36 HPs)
             Began as a Gargoyle Berserker on Jan 15, 2021.
             Was a Believer of Trog.
             Killed from afar by Dowan (8 damage)
             ... with a puff of frost
             ... on level 4 of the Dungeon.
             The game lasted 00:01:33 (1138 turns).

Borgoz the Skirmisher (Gargoyle Berserker)          Turns: 1138, Time: 00:01:34

Health: 0/36       AC:  5    Str: 20    XL:     3   Next: 33%
Magic:  3/3        EV: 12    Int:  7    God:    Trog [**....]
Gold:   94         SH:  0    Dex: 10    Spells: 2/2 levels left

rFire    . . .     SeeInvis .   a - +0 mace
rCold    . . .     Faith    .   (no shield)
rNeg     + . .     Spirit   .   b - +0 animal skin
rPois    ∞         Reflect  .   (no helmet)
rElec    +         Harm     .   (no cloak)
rCorr    .         Rampage  .   (no gloves)
Will     .....                  (no boots)
Stlth    ..........             (no amulet)
HPRegen  0.12/turn              (no ring)
MPRegen  0.08/turn              (no ring)

@: berserking (expiring), very quick
A: negative energy resistance 1, electricity resistance, unbreathing,
petrification resistance, miasma immunity, AC +3
a: Renounce Religion, Berserk, Trog's Hand


You were on level 4 of the Dungeon.
You worshipped Trog.
Trog was pleased with you.
You visited 1 branch of the dungeon, and saw 3 of its levels.

You collected 94 gold pieces.

Inventory:

Hand Weapons
 a - a +0 mace (weapon)
Armour
 b - a +0 animal skin (worn)
Scrolls
 c - 3 scrolls of remove curse {unknown}
Potions
 d - a potion of flight {unknown}
 e - a potion of haste
 f - 2 potions of invisibility {unknown}


   Skills:
 + Level 3.7 Fighting
 + Level 3.3 Maces & Flails
 + Level 2.7 Armour
 + Level 2.0 Dodging


You had 2 spell levels left.
You didn't know any spells.
Your spell library was empty.

Dungeon Overview and Level Annotations

Branches:
Dungeon (2/15)             Temple (0/1) D:4

Altars:

Annotations:
D:4 Dowan, Duvessa


Innate Abilities, Weirdness & Mutations

You are resistant to torment.
Your stone body is resilient. (AC +3)
You are immune to poison.
You resist negative energy. (rN+)
You are resistant to electric shocks. (rElec)
You can survive without breathing.
You are immune to petrification.
You are immune to miasma.


Message History

Duvessa hits you with a +0 short sword.
You hit Duvessa.
Duvessa is lightly wounded.
Duvessa hits you with a +0 short sword.
You thump Duvessa!
Duvessa is moderately wounded.
Dowan closely misses you.
You barely miss Duvessa.
Duvessa is moderately wounded.
Dowan closely misses you. Duvessa closely misses you.
You hit Duvessa.
Duvessa is heavily wounded.
Dowan hits you with a +0 dagger. Duvessa hits you with a +0 short sword!
* * * LOW HITPOINT WARNING * * *
Dowan barely misses you.
You barely miss Duvessa.
Duvessa is heavily wounded.
Dowan casts a spell at you. The puff of frost hits you!
You die...

#...#.............####.(.#
...##....##..##.......#...#
..........##..............#
....####.......###.#..##...
#... #.......#####.## ...
..............# ..
..##..#####...#
..#......#....#..
......e@e.......
...........#.....
..........##.....
.................
......#.........#
.....##.#.?...... .....
......... .#.## .........


You could see Duvessa (strong) and Dowan (fast).

Vanquished Creatures
  A dart slug (D:1)
  A leopard gecko (D:4)
  2 giant cockroaches (D:1)
  2 hobgoblins (D:1)
  6 kobolds (D:1)
  7 bats (D:1)
  2 frilled lizards
  7 goblins (D:1)
  2 rats (D:1)
30 creatures vanquished.

Notes
Turn   | Place    | Note
-------+----------+-------------------------------------------
     0 | D:1      | Borgoz the Gargoyle Berserker began the quest for the Orb.
     0 | D:1      | Reached XP level 1. HP: 14/14 MP: 1/1
   139 | D:1      | Reached XP level 2. HP: 11/19 MP: 2/2
   737 | D:1      | Reached XP level 3. HP: 22/23 MP: 3/3
  1069 | D:2      | Reached ** piety under Trog
  1072 | D:2      | You fall into a shaft and drop 2 floors!
  1074 | D:4      | Found a staircase to the Ecumenical Temple.
  1126 | D:4      | Noticed Dowan
  1127 | D:4      | Noticed Duvessa
  1138 | D:4      | Killed from afar by Dowan

Illustrated notes

Levels and vault maps discovered:
D:1:      mainiacjoe_arrival_reflecting_pool, layout_rooms
D:2:      lemuel_upstairs_altar, layout_rooms, uniq_crazy_yiuf_cottage
D:4:      layout_cave_pools, minmay_temple_entry_crystal_x, uniq_duvessa,
          uniq_eustachio

Skill      XL: |  1  2  3 |
---------------+----------+-----
Dodging        | 2 |  2.0
Fighting       | |  3.7
Maces & Flails | |  3.3
Armour         | |  2.7

Action                   || total
-------------------------++-------
Melee: Mace              ||   106
Invok: Berserk           ||     2
  Use: Scroll            ||     1
Armor: Animal skin       ||    59
Dodge: Dodged            ||    90
